 Dungeon Crawl Stone Soup version 0.26.1-11-gd32895ea62 (webtiles) character file.

Game seed: 2638991163372072810

133525 phalm the Thaumaturge (level 17, -1/131 HPs)
             Began as a Gnoll Ice Elementalist on June 12, 2021.
             Was the Champion of Cheibriados.
             Killed from afar by Nikola (32 damage)
             ... with a chain lightning
             ... on level 2 of the Spider Nest.
             The game lasted 01:36:20 (32759 turns).

phalm the Thaumaturge (Gnoll Ice Elementalist)     Turns: 32759, Time: 01:36:21

Health: -1/131     AC: 26    Str: 31 (32) XL:     17   Next: 15%
Magic:  0/33       EV: 24    Int: 38 (43) God:    Cheibriados [******]
Gold:   1927       SH: 15    Dex: 33      Spells: 1/40 levels left

rFire    + . .     SeeInvis .   a - +5 mace (protect)
rCold    . . .     Faith    .   f - +0 kite shield
rNeg     + + +     Spirit   .   z - +3 scale mail of Experimentation {Str+6 Dex-3 Slay+2}
rPois    +         Reflect  .   B - +2 helmet {Int+3}
rElec    .         Harm     .   y - +2 ratskin cloak {*Rats rPois rN+ Str-1 Int-1 Dex+1}
rCorr    .         Rampage  .   x - +4 pair of gloves of Honk {rN++}
Will     +....                  N - +0 pair of boots {Stlth+}
Stlth    ++++++....             V - amulet of Elyvilon's Approval {Regen+ Int+3 Dex+4}
HPRegen  0.71/turn              F - ring of protection from fire
MPRegen  0.23/turn              Z - ring of wizardry

@: very slow
A: distributed training, fangs 1, strong nose
a: Renounce Religion, Bend Time, Temporal Distortion, Slouch, Step From Time


You were on level 2 of the Spider Nest.
You worshipped Cheibriados.
Cheibriados was exalted by your worship.
You visited 5 branches of the dungeon, and saw 26 of its levels.
You also visited: Ice Cave.

You collected 2924 gold pieces.
You spent 997 gold pieces at shops.


Innate Abilities, Weirdness & Mutations

Your experience applies equally to all skills.
You have very sharp teeth.
Your uncanny sense of smell can sniff out nearby items.


   Skills:
 + Level 11.3 Fighting
 + Level 11.3 Short Blades
 + Level 11.3 Long Blades
 + Level 11.3 Axes
 + Level 11.3 Maces & Flails
 + Level 11.3 Polearms
 + Level 11.3 Staves
 + Level 11.3 Slings
 + Level 11.3 Bows
 + Level 11.3 Crossbows
 + Level 11.3 Throwing
 + Level 11.3 Armour
 + Level 12.1 Dodging
 + Level 12.0 Stealth
 + Level 11.3 Shields
 + Level 11.3 Unarmed Combat
 + Level 12.2 Spellcasting
 + Level 9.6 Conjurations
 + Level 9.6 Hexes
 + Level 9.6 Summonings
 + Level 9.6 Necromancy
 + Level 9.6 Translocations
 + Level 9.6 Transmutations
 + Level 9.6 Fire Magic
 + Level 11.7 Ice Magic
 + Level 9.6 Air Magic
 + Level 9.6 Earth Magic
 + Level 9.6 Poison Magic
 + Level 12.2 Invocations
 + Level 11.3 Evocations


You had one spell level left.
You knew the following spells:

 Your Spells              Type           Power        Failure   Level
a - Airstrike             Air            38%          1%          4
b - Bolt of Magma         Conj/Fire/Erth 38%          1%          5
f - Freeze                Ice            100%         1%          1
l - Lightning Bolt        Conj/Air       38%          1%          5
n - Apportation           Tloc           100%         1%          1
o - Ozocubu's Armour      Ice            85%          1%          3
r - Frozen Ramparts       Ice            100%         1%          3
s - Iron Shot             Conj/Erth      38%          5%          6
t - Irradiate             Conj/Tmut      38%          1%          5
y - Searing Ray           Conj           100%         1%          2
X - Iskenderun's Mystic   Conj/Tloc      77%          1%          4

Your spell library contained the following spells:

 Spells                   Type           Power        Failure   Level
 Animate Skeleton         Necr           100%         1%          1
 Beastly Appendage        Tmut           100%         1%          1
 Corona                   Hex            85%          1%          1
 Magic Dart               Conj           100%         1%          1
 Shock                    Conj/Air       100%         1%          1
 Summon Small Mammal      Summ           100%         1%          1
 Swiftness                Air            77%          1%          2
 Wereblood                Tmut           77%          1%          2
 Dazzling Flash           Conj/Hex       100%         1%          3
 Spider Form              Tmut/Pois      38%          1%          3
 Static Discharge         Conj/Air       77%          1%          3
 Fulminant Prism          Conj/Hex       38%          1%          4
 Hailstorm                Conj/Ice       81%          1%          4
 Ice Form                 Ice/Tmut       81%          1%          4
 Leda's Liquefaction      Hex/Erth       38%          1%          4
 Summon Ice Beast         Ice/Summ       81%          1%          4
 Blade Hands              Tmut           38%          1%          5
 Iskenderun's Battlesphe  Conj           77%          1%          5
 Hydra Form               Tmut           38%          5%          6
 Statue Form              Tmut/Erth      51%          5%          6
 Dragon Form              Tmut           38%          28%         7
 Orb of Destruction       Conj           38%          28%         7
 Spellforged Servitor     Conj/Summ      38%          28%         7
 Shatter                  Erth           38%          100%        9

Inventory:

Hand Weapons
 a - a +5 mace of protection (weapon)
   (You found it on level 1 of the Lair of Beasts)
 b - a +9 hand crossbow
   (You found it on level 7 of the Dungeon)
Missiles
 n - 7 bolts
 S - 2 boomerangs (quivered)
 T - 2 throwing nets {=f!f}
Armour
 f - a +0 kite shield (worn)
   (You took it off a gnoll sergeant on level 11 of the Dungeon)
 x - the +4 pair of gloves of Honk (worn) {rN++}
   (You found it on level 4 of the Dungeon)

   It greatly protects you from negative energy.
 y - the +2 ratskin cloak (worn) {*Rats rPois rN+ Str-1 Int-1 Dex+1}
   (You found it in an ice cave)

   It affects your strength (-1).
   It affects your intelligence (-1).
   It affects your dexterity (+1).
   It protects you from poison.
   It protects you from negative energy.
 z - the +3 scale mail of Experimentation (worn) {Str+6 Dex-3 Slay+2}
   (You found it on level 7 of the Dungeon)

   It affects your strength (+6).
   It affects your dexterity (-3).
   It affects your accuracy and damage with ranged weapons and melee attacks
   (+2).
 B - a +2 helmet of intelligence (worn)
   (You bought it in a shop on level 2 of the Orcish Mines)
 N - a +0 pair of boots of stealth (worn)
   (You found it in an ice cave)
Jewellery
 v - an uncursed ring of see invisible
   (You found it on level 1 of the Spider Nest)
 F - a ring of protection from fire (left hand)
   (You found it on level 4 of the Dungeon)
 O - the ring of Dami {+Inv +Fly rN++}
   (You found it on level 15 of the Dungeon)

   [ring of flight]

   It greatly protects you from negative energy.
   It lets you turn invisible.
   It lets you fly.
 V - the amulet of Elyvilon's Approval (around neck) {Regen+ Int+3 Dex+4}
   (You found it on level 4 of the Lair of Beasts)

   [amulet of regeneration]

   It affects your intelligence (+3).
   It affects your dexterity (+4).
   It increases your rate of regeneration.
 Z - a ring of wizardry (right hand)
   (You found it on level 6 of the Lair of Beasts)
Wands
 d - a wand of digging (17)
   (You found it on level 4 of the Lair of Beasts)
 k - a wand of polymorph (6)
   (You found it on level 1 of the Spider Nest)
 l - a wand of flame (50)
   (You took it off Joseph on level 9 of the Dungeon)
 D - a wand of enslavement (9)
   (You found it on level 4 of the Dungeon)
 G - a wand of iceblast (23)
   (You found it on level 8 of the Dungeon)
 J - a wand of acid (11)
   (You found it on level 6 of the Dungeon)
 M - a wand of paralysis (8)
   (You found it on level 6 of the Lair of Beasts)
 X - a wand of disintegration (30)
   (You found it on level 6 of the Lair of Beasts)
Scrolls
 h - 4 scrolls of blinking {!r}
 m - 6 scrolls of fog
 o - a scroll of enchant armour
 p - 19 scrolls of teleportation {@r4}
 s - 5 scrolls of fear
 C - 5 scrolls of magic mapping {!r}
 E - 3 scrolls of immolation {!r!r}
 U - 10 scrolls of remove curse {@r2}
 Y - a scroll of noise {!r}
Potions
 c - 2 potions of resistance
 e - 5 potions of flight
 i - 2 potions of magic
 j - 3 potions of might
 r - 2 potions of lignification {!q}
 t - 6 potions of ambrosia
 u - a potion of invisibility
 w - 10 potions of curing {@q1}
 A - 4 potions of cancellation
 H - 4 potions of brilliance
 K - a potion of attraction {!q}
 R - a potion of mutation {!q}
 W - 4 potions of heal wounds {@q2}
Miscellaneous
 g - a condenser vane (inert)
   (You found it in an ice cave)
 q - a tin of tremorstones (inert)
   (You found it on level 15 of the Dungeon)
 P - a phial of floods
   (You found it on level 6 of the Dungeon)

Dungeon Overview and Level Annotations

Branches:
Dungeon (15/15)            Temple (1/1) D:5            Lair (6/6) D:11
 Shoals (0/4) Lair:3       Spider (2/4) Lair:2        Slime (0/5) Lair:5
    Orc (2/2) D:12            Elf (0/3) Orc:2        Vaults (0/5) D:14
 Depths (0/5) D:15          IceCv (visited)

Altars:
Ashenzari
Cheibriados
Dithmenos
Elyvilon
Fedhas
Gozag
Hepliaklqana
Kikubaaqudgha
Makhleb
Nemelex Xobeh
Okawaru
Qazlal
Ru
Sif Muna
Trog
Uskayaw
Vehumet
Wu Jian
Xom
Yredelemnul
Zin
The Shining One
Jiyva

Shops:
D:5 (   D:9 [?[   D:12 :   D:13 [   D:15 =   Orc:2 ([*[?

Annotations:
D:8 exclusion: orange crystal statue
Spider:2 Nikola

..(.....^.†.$.....
........@.........
#..§§§.........
###§§§......... ∆
#...§§...^..... ∆
#..§§§.≈...^...
##..§§§.........
##........≈..#...
#@......##≈≈.....
#.^.....≈..≈≈≈≈ ∆
∆#.<≈.†≈.≈≈≈≈≈≈≈
##......≈≈≈≈≈#≈
#####<.....≈≈≈≈..#∆
#.......†..≈≈(.....
#......††...≈(.#..#
##.......#..≈≈.#...
###.#(..#..≈≈...≈≈


You could see Nikola.


Message History

You feel you are being watched by something.
Something hits you.
* * * LOW HITPOINT WARNING * * *
You feel dopey. Something hits you but does no damage.
Something stings you but does no damage.
The wolf spider is engulfed in poison gas.
The wolf spider looks even sicker.
You kill the wolf spider!
Cheibriados thoroughly appreciates the change of pace. 😨 HP[-2]
You take 2 damage, and now have 62/131 hp.
The boulder beetle is engulfed in poison gas.
The boulder beetle looks even sicker.
The boulder beetle curls into a ball and begins rolling!
You feel you are being watched by something.
You feel your power leaking away.
The boulder beetle is engulfed in poison gas.
The boulder beetle looks even sicker.
You feel you are being watched by something.
Something barely misses you. Something hits you but does no damage.
You block something's attack.
Nikola the Mad Inventor comes into view.
He is wielding a +4 rapier of electrocution.
The boulder beetle is engulfed in poison gas.
The boulder beetle looks as sick as possible!
You block the boulder beetle's attack.
The boulder beetle stops rolling and uncurls. 😨 HP[+1]
You feel you are being watched by something.
The boulder beetle is engulfed in poison gas.
The boulder beetle looks as sick as possible!
You feel you are being watched by something.
Something hits you!
* * * LOW HITPOINT WARNING * * *
Something hits you.
* * * LOW HITPOINT WARNING * * *
Something closely misses you. The boulder beetle bites you!
* * * LOW HITPOINT WARNING * * *
Something hits you but does no damage. You block something's attack.
Something stings you but does no damage. 😱 HP[-31]
You take 31 damage, and now have 32/131 hp.
MASSIVE DAMAGE!! (PAUSE)
You feel much better. Something hits you.
* * * LOW HITPOINT WARNING * * *
Something misses you. Something closely misses you.
The boulder beetle closely misses you.
Nikola casts a spell.
Nikola blinks! 😨 HP[+13]
You regained 13 hp, and now have 45/131 hp.
You hit the boulder beetle.
Your weapon exudes an aura of protection.
You bite the boulder beetle, but do no damage.
You feel you are being watched by something.
You feel your power leaking away. Something hits you!
* * * LOW HITPOINT WARNING * * *
You feel dopey. Something misses you.
Something stings you but does no damage.
The boulder beetle misses you. 😨 HP[-10]
You take 10 damage, and now have 35/131 hp.
You feel you are being watched by something.
Something hits you!
* * * LOW HITPOINT WARNING * * *
You feel dopey. Something closely misses you.
Something stings you but does no damage.
Something hits you but does no damage. Something completely misses you.
Something stings you but does no damage.
The boulder beetle leaps!
You feel you are being watched by something.
Something hits you but does no damage. x2; Something closely misses you. 😱 HP[-7]
You take 7 damage, and now have 28/131 hp.
Cheibriados appreciates the change of pace.
You feel a bit more experienced.
You feel you are being watched by something.
A redback comes into view.
You feel you are being watched by something.
You block something's attack. Something closely misses you.
Something stings you but does no damage.
Your Stealth skill increases to level 12! 😱 HP[+2]
You regained 2 hp, and now have 30/131 hp.
You feel you are being watched by something.
You feel your power leaking away. Something closely misses you.
Something hits you but does no damage. You block something's attack.
Nikola casts a spell.
You hear a mighty clap of thunder!
The lightning arc arcs out of your line of sight!
You hear a mighty clap of thunder!
The lightning arc suddenly appears!
The lightning arc hits Nikola.
The lightning arc hits something!!
The lightning arc hits something!
Reactivating autopickup.
You feel a bit more experienced. The lightning arc hits you!!
You die...

Skill      XL: |  1  2  3  4  5  6  7  8  9 10 11 12 13 14 15 16 17 |
---------------+----------------------------------------------------+-----
Spellcasting   | 5 6 7 8 9 10 11 12 | 12.2
Invocations    | 1 2 3 4 5 6 7 8 9 10 11 12 | 12.2
Fighting       | 1 2 3 4 5 6 7 8 9 10 11 | 11.3
Short Blades   | 1 2 3 4 5 6 7 8 9 10 11 | 11.3
Long Blades    | 1 2 3 4 5 6 7 8 9 10 11 | 11.3
Axes           | 1 2 3 4 5 6 7 8 9 10 11 | 11.3
Maces & Flails | 1 2 3 4 5 6 7 8 9 10 11 | 11.3
Polearms       | 1 2 3 4 5 6 7 8 9 10 11 | 11.3
Staves         | 1 2 3 4 5 6 7 8 9 10 11 | 11.3
Slings         | 1 2 3 4 5 6 7 8 9 10 11 | 11.3
Bows           | 1 2 3 4 5 6 7 8 9 10 11 | 11.3
Crossbows      | 1 2 3 4 5 6 7 8 9 10 11 | 11.3
Throwing       | 1 2 3 4 5 6 7 8 9 10 11 | 11.3
Armour         | 1 2 3 4 5 6 7 8 9 10 11 | 11.3
Shields        | 1 2 3 4 5 6 7 8 9 10 11 | 11.3
Unarmed Combat | 1 2 3 4 5 6 7 8 9 10 11 | 11.3
Evocations     | 1 2 3 4 5 6 7 8 9 10 11 | 11.3
Conjurations   | 1 2 3 4 5 6 7 8 9 |  9.6
Hexes          | 1 2 3 4 5 6 7 8 9 |  9.6
Summonings     | 1 2 3 4 5 6 7 8 9 |  9.6
Necromancy     | 1 2 3 4 5 6 7 8 9 |  9.6
Translocations | 1 2 3 4 5 6 7 8 9 |  9.6
Transmutations | 1 2 3 4 5 6 7 8 9 |  9.6
Fire Magic     | 1 2 3 4 5 6 7 8 9 |  9.6
Air Magic      | 1 2 3 4 5 6 7 8 9 |  9.6
Earth Magic    | 1 2 3 4 5 6 7 8 9 |  9.6
Poison Magic   | 1 2 3 4 5 6 7 8 9 |  9.6
Dodging        | 5 6 7 8 9 10 11 12 | 12.1
Stealth        | 5 6 7 8 9 10 11 12 | 12.0
Ice Magic      | 8 9 10 11 | 11.7

Action                   |  1- 3 |  4- 6 |  7- 9 | 10-12 | 13-15 | 16-18 || total
-------------------------+-------+-------+-------+-------+-------+-------++-------
Melee: Whip              |    32 |       |       |       |       |       ||    32
       Bite              |     4 |       |    30 |    34 |   107 |    71 ||   246
       Spear             |       |     6 |    25 |       |       |       ||    31
       Halberd           |       |       |   179 |     5 |       |       ||   184
       Punch             |       |       |     2 |       |       |       ||     2
       Glaive            |       |       |       |    85 |       |       ||    85
       Flail             |       |       |       |     7 |       |       ||     7
       Trident           |       |       |       |    30 |       |       ||    30
       Mace              |       |       |       |    20 |   419 |   259 ||   698
       Hand crossbow     |       |       |       |       |     1 |       ||     1
       Morningstar       |       |       |       |       |     9 |     4 ||    13
 Fire: Hunting sling     |       |   105 |   121 |       |       |       ||   226
       Hand crossbow     |       |       |     4 |   208 |   529 |   114 ||   855
Throw: Stone             |     2 |     9 |       |       |       |       ||    11
       Dart              |       |       |     8 |       |       |       ||     8
       Boomerang         |       |       |       |       |    67 |   179 ||   246
 Cast: Freeze            |    42 |    41 |    81 |   138 |   150 |     5 ||   457
       Frozen Ramparts   |     1 |     3 |    16 |    26 |    53 |    18 ||   117
       Ozocubu's Armour  |       |     2 |     8 |    23 |    46 |    14 ||    93
       Lightning Bolt    |       |       |       |       |     4 |       ||     4
       Irradiate         |       |       |       |       |     9 |     2 ||    11
       Bolt of Magma     |       |       |       |       |       |    19 ||    19
       Iron Shot         |       |       |       |       |       |     5 ||     5
       Apportation       |       |       |       |       |       |     3 ||     3
       Iskenderun's Myst |       |       |       |       |       |     1 ||     1
Invok: Slouch            |       |       |       |     1 |       |       ||     1
 Abil: Evoke Flight      |       |       |       |       |       |     6 ||     6
       Stop Flying       |       |       |       |       |       |     3 ||     3
Evoke: Wand              |       |       |       |     2 |     5 |     4 ||    11
       Tin of tremorston |       |       |       |       |       |     2 ||     2
       Condenser vane    |       |       |       |       |       |     1 ||     1
  Use: Scroll            |       |       |       |    29 |    10 |     3 ||    42
       Potion            |       |       |       |     3 |       |     7 ||    10
 Stab: Sleeping          |     3 |       |    15 |     1 |     2 |     8 ||    29
       Distracted        |       |       |       |       |       |     1 ||     1
Armor: Robe              |    10 |     7 |   131 |       |       |       ||   148
       Scale mail        |       |       |    14 |    45 |   141 |   130 ||   330
       Ring mail         |       |       |       |    88 |   111 |       ||   199
Dodge: Dodged            |    40 |    39 |   280 |   336 |   751 |   278 ||  1724
Block: Buckler           |       |       |       |    66 |   381 |    45 ||   492
       Kite shield       |       |       |       |       |       |   168 ||   168

Levels and vault maps discovered:
D:1:      minmay_arrival_four_circles, layout_basic
D:2:      layout_loops_corners, uniq_robin
D:3:      layout_loops_corners, fedhas_altar_fruit_tree
D:4:      layout_gridville, uniq_blork_the_orc
D:5:      layout_loops_corners, temple_fountains, basic_altar, serial_shops,
          nicolae_shop_trees, minmay_liquid_box, serial_bayou_ford_a,
          nicolae_zen_rock_garden, xom_redecorated
D:6:      layout_basic, gammafunk_ghost_stat_death, nrook_mini_vaults
D:7:      layout_basic, kennysheep_little_box
D:8:      statuecave_lemuel, layout_loops_cross
D:9:      layout_basic, serial_shops, shop, shop_statue, shop, uniq_joseph
D:10:     layout_cross, uniq_josephine
D:11:     layout_irregular_city, lair_entry_dummy, basic_altar, moated_statue,
          minmay_misc_feat_diagonals
D:12:     layout_roguey, minmay_orc_entry_guard_dogs, serial_shops, shop_coins,
          uniq_urug, uniq_gastronok, uniq_azrael, uniq_kirke
D:13:     layout_gridville, serial_shops,
          nicolae_shop_competitors_out_of_business, serial_bayou_lake_a,
          uniq_nessos
D:14:     layout_loops_cross, ximxim_vaults_locker_room, nicolae_wwwww
D:15:     grunt_enter_depths_snipers, layout_basic, serial_shops,
          nicolae_shop_waterfront, minmay_misc_feat_tower, serial_park_tiny_pond
Temple:   kilobyte_greek_temple
Lair:1:   gammafunk_cloud_chamber, layout_gridlike, grunt_megastairs_5,
          uniq_erica
Lair:2:   layout_gridlike, spider_nest_entry_rubble, grunt_megastairs_3
Lair:3:   layout_chaotic_city, minmay_shoals_entry_centaurs, st_stairs_6,
          bobbens_dragon_lair_wall
Lair:4:   layout_regular_city
Lair:5:   layout_gridlike, slime_altar_1, kilobyte_rumbling_trees
Lair:6:   grunt_lair_end_beastmaster, layout_big_grid, minivault_19
Spider:1: layout_spider_delve, portal_ice_cave_entry_ice_statue_one,
          hangedman_spider_tarantella_strand, uniq_louise
Spider:2: layout_spider_delve, nicolae_orb_island, uniq_nikola
Orc:1:    layout_caves
Orc:2:    grunt_orc_tribal_feast, layout_diamond_mine, serial_shops,
          nicolae_shop_behind_doors, nicolae_orc_lava_tube, uniq_maurice,
          uniq_donald

Notes
Turn   | Place    | Note
-------+----------+-------------------------------------------
     0 | D:1      | phalm the Gnoll Ice Elementalist began the quest for the
                  | Orb.
     0 | D:1      | Reached XP level 1. HP: 13/13 MP: 6/6
     0 | D:1      | magus.rc [v1.9.10]
    82 | D:1      | Reached XP level 2. HP: 12/19 MP: 1/7
   941 | D:1      | Reached XP level 3. HP: 25/25 MP: 7/9
  1158 | D:2      | Reached skill level 5 in Spellcasting
  1527 | D:2      | Reached skill level 1 in Invocations
  1676 | D:2      | Noticed Robin
  1678 | D:2      | Reached skill level 1 in Fighting
  1678 | D:2      | Reached skill level 1 in Short Blades
  1678 | D:2      | Reached skill level 1 in Long Blades
  1678 | D:2      | Reached skill level 1 in Axes
  1678 | D:2      | Reached skill level 1 in Maces & Flails
  1678 | D:2      | Reached skill level 1 in Polearms
  1678 | D:2      | Reached skill level 1 in Staves
  1678 | D:2      | Reached skill level 1 in Slings
  1678 | D:2      | Reached skill level 1 in Bows
  1678 | D:2      | Reached skill level 1 in Crossbows
  1678 | D:2      | Reached skill level 1 in Throwing
  1678 | D:2      | Reached skill level 1 in Armour
  1678 | D:2      | Reached skill level 1 in Shields
  1678 | D:2      | Reached skill level 1 in Unarmed Combat
  1678 | D:2      | Reached skill level 1 in Evocations
  1709 | D:2      | Learned a level 3 spell: Frozen Ramparts
  1713 | D:2      | Learned a level 3 spell: Ozocubu's Armour
  1743 | D:2      | Reached XP level 4. HP: 32/32 MP: 6/11
  1744 | D:2      | Killed Robin
  1909 | D:2      | Reached skill level 1 in Conjurations
  1909 | D:2      | Reached skill level 1 in Hexes
  1909 | D:2      | Reached skill level 1 in Summonings
  1909 | D:2      | Reached skill level 1 in Necromancy
  1909 | D:2      | Reached skill level 1 in Translocations
  1909 | D:2      | Reached skill level 1 in Transmutations
  1909 | D:2      | Reached skill level 1 in Fire Magic
  1909 | D:2      | Reached skill level 1 in Air Magic
  1909 | D:2      | Reached skill level 1 in Earth Magic
  1909 | D:2      | Reached skill level 1 in Poison Magic
  2781 | D:3      | Reached XP level 5. HP: 28/37 MP: 7/12
  2857 | D:3      | Found a blossoming altar of Fedhas.
  3570 | D:4      | Noticed an ogre
  3580 | D:4      | Killed an ogre
  3581 | D:4      | Reached skill level 5 in Dodging
  3581 | D:4      | Reached skill level 2 in Invocations
  3581 | D:4      | Reached XP level 6. HP: 44/44 MP: 3/14
  3674 | D:4      | Got a pair of faintly glowing gloves
  3680 | D:4      | Identified the +4 pair of gloves of Honk {rN++} (You found
                  | it on level 4 of the Dungeon)
  3729 | D:4      | Reached skill level 2 in Fighting
  3729 | D:4      | Reached skill level 2 in Short Blades
  3729 | D:4      | Reached skill level 2 in Long Blades
  3729 | D:4      | Reached skill level 2 in Axes
  3729 | D:4      | Reached skill level 2 in Maces & Flails
  3729 | D:4      | Reached skill level 2 in Polearms
  3729 | D:4      | Reached skill level 2 in Staves
  3729 | D:4      | Reached skill level 2 in Slings
  3729 | D:4      | Reached skill level 2 in Bows
  3729 | D:4      | Reached skill level 2 in Crossbows
  3729 | D:4      | Reached skill level 2 in Throwing
  3729 | D:4      | Reached skill level 2 in Armour
  3729 | D:4      | Reached skill level 2 in Shields
  3729 | D:4      | Reached skill level 2 in Unarmed Combat
  3729 | D:4      | Reached skill level 2 in Evocations
  3794 | D:4      | Noticed Blork the orc
  3803 | D:4      | Killed Blork the orc
  3804 | D:4      | Reached XP level 7. HP: 46/50 MP: 8/15
  3832 | D:4      | Reached skill level 2 in Conjurations
  3832 | D:4      | Reached skill level 2 in Hexes
  3832 | D:4      | Reached skill level 2 in Summonings
  3832 | D:4      | Reached skill level 2 in Necromancy
  3832 | D:4      | Reached skill level 2 in Translocations
  3832 | D:4      | Reached skill level 2 in Transmutations
  3832 | D:4      | Reached skill level 2 in Fire Magic
  3832 | D:4      | Reached skill level 2 in Air Magic
  3832 | D:4      | Reached skill level 2 in Earth Magic
  3832 | D:4      | Reached skill level 2 in Poison Magic
  4122 | D:4      | Reached skill level 5 in Stealth
  4450 | D:5      | Entered Level 5 of the Dungeon
  4453 | D:5      | Found Xepiho's Weapon Boutique.
  4457 | D:5      | Reached skill level 3 in Invocations
  4708 | D:5      | Reached XP level 8. HP: 57/57 MP: 11/16
  4874 | D:5      | Found a staircase to the Ecumenical Temple.
  5024 | Temple   | Entered the Ecumenical Temple
  5128 | Temple   | Became a worshipper of Cheibriados the Contemplative
  5413 | D:5      | Found a sacrificial altar of Ru.
  5445 | D:5      | Reached skill level 3 in Fighting
  5445 | D:5      | Reached skill level 3 in Short Blades
  5445 | D:5      | Reached skill level 3 in Long Blades
  5445 | D:5      | Reached skill level 3 in Axes
  5445 | D:5      | Reached skill level 3 in Maces & Flails
  5445 | D:5      | Reached skill level 3 in Polearms
  5445 | D:5      | Reached skill level 3 in Staves
  5445 | D:5      | Reached skill level 3 in Slings
  5445 | D:5      | Reached skill level 3 in Bows
  5445 | D:5      | Reached skill level 3 in Crossbows
  5445 | D:5      | Reached skill level 3 in Throwing
  5445 | D:5      | Reached skill level 3 in Armour
  5445 | D:5      | Reached skill level 3 in Shields
  5445 | D:5      | Reached skill level 3 in Unarmed Combat
  5445 | D:5      | Reached skill level 3 in Evocations
  5729 | D:5      | Reached skill level 6 in Spellcasting
  5995 | D:5      | Found a shimmering altar of Xom.
  5996 | D:5      | Found a shimmering altar of Xom.
  5996 | D:5      | Found a shimmering altar of Xom.
  5997 | D:5      | Found a shimmering altar of Xom.
  5998 | D:5      | Found a shimmering altar of Xom.
  5998 | D:5      | Found a shimmering altar of Xom.
  6180 | D:6      | Reached * piety under Cheibriados
  6240 | D:6      | Found a transporter.
  6256 | D:6      | Found a transporter.
  6260 | D:6      | Noticed Eryximachus's ghost (novice OpEE)
  6812 | D:6      | Reached skill level 4 in Invocations
  6836 | D:6      | Reached skill level 3 in Conjurations
  6836 | D:6      | Reached skill level 3 in Hexes
  6836 | D:6      | Reached skill level 3 in Summonings
  6836 | D:6      | Reached skill level 3 in Necromancy
  6836 | D:6      | Reached skill level 3 in Translocations
  6836 | D:6      | Reached skill level 3 in Transmutations
  6836 | D:6      | Reached skill level 3 in Fire Magic
  6836 | D:6      | Reached skill level 3 in Air Magic
  6836 | D:6      | Reached skill level 3 in Earth Magic
  6836 | D:6      | Reached skill level 3 in Poison Magic
  6847 | D:6      | Reached skill level 6 in Dodging
  7100 | D:6      | Reached XP level 9. HP: 27/65 MP: 13/18
  7589 | D:6      | Reached ** piety under Cheibriados
  7592 | D:6      | Killed Eryximachus's ghost
  7593 | D:6      | Reached skill level 4 in Fighting
  7593 | D:6      | Reached skill level 4 in Short Blades
  7593 | D:6      | Reached skill level 4 in Long Blades
  7593 | D:6      | Reached skill level 4 in Axes
  7593 | D:6      | Reached skill level 4 in Maces & Flails
  7593 | D:6      | Reached skill level 4 in Polearms
  7593 | D:6      | Reached skill level 4 in Staves
  7593 | D:6      | Reached skill level 4 in Slings
  7593 | D:6      | Reached skill level 4 in Bows
  7593 | D:6      | Reached skill level 4 in Crossbows
  7593 | D:6      | Reached skill level 4 in Throwing
  7593 | D:6      | Reached skill level 4 in Armour
  7593 | D:6      | Reached skill level 6 in Stealth
  7593 | D:6      | Reached skill level 4 in Shields
  7593 | D:6      | Reached skill level 4 in Unarmed Combat
  7593 | D:6      | Reached skill level 8 in Ice Magic
  7593 | D:6      | Reached skill level 4 in Evocations
  8019 | D:7      | Got a brightly glowing scale mail
  8030 | D:7      | Identified the +3 scale mail of Experimentation {Str+6
                  | Dex-3 Slay+2} (You found it on level 7 of the Dungeon)
  8127 | D:7      | Reached skill level 5 in Invocations
  8427 | D:7      | Reached skill level 7 in Spellcasting
  8521 | D:7      | Found a blossoming altar of Fedhas.
  8840 | D:8      | Noticed a hornet
  8846 | D:8      | Killed a hornet
  8847 | D:8      | Reached skill level 4 in Conjurations
  8847 | D:8      | Reached skill level 4 in Hexes
  8847 | D:8      | Reached skill level 4 in Summonings
  8847 | D:8      | Reached skill level 4 in Necromancy
  8847 | D:8      | Reached skill level 4 in Translocations
  8847 | D:8      | Reached skill level 4 in Transmutations
  8847 | D:8      | Reached skill level 4 in Fire Magic
  8847 | D:8      | Reached skill level 4 in Air Magic
  8847 | D:8      | Reached skill level 4 in Earth Magic
  8847 | D:8      | Reached skill level 4 in Poison Magic
  8847 | D:8      | Reached XP level 10. HP: 51/73 MP: 11/20
  9083 | D:8      | Reached *** piety under Cheibriados
  9086 | D:8      | Reached skill level 5 in Fighting
  9086 | D:8      | Reached skill level 5 in Short Blades
  9086 | D:8      | Reached skill level 5 in Long Blades
  9086 | D:8      | Reached skill level 5 in Axes
  9086 | D:8      | Reached skill level 5 in Maces & Flails
  9086 | D:8      | Reached skill level 5 in Polearms
  9086 | D:8      | Reached skill level 5 in Staves
  9086 | D:8      | Reached skill level 5 in Slings
  9086 | D:8      | Reached skill level 5 in Bows
  9086 | D:8      | Reached skill level 5 in Crossbows
  9086 | D:8      | Reached skill level 5 in Throwing
  9086 | D:8      | Reached skill level 5 in Armour
  9086 | D:8      | Reached skill level 5 in Shields
  9086 | D:8      | Reached skill level 5 in Unarmed Combat
  9086 | D:8      | Reached skill level 5 in Evocations
  9881 | D:8      | Reached skill level 7 in Dodging
  9942 | D:8      | Noticed a deep elf mage
  9956 | D:8      | Killed a deep elf mage
 10377 | D:8      | Noticed a two-headed ogre
 10420 | D:8      | HP: 16/74 [two-headed ogre/+0 giant club (13)]
 10422 | D:8      | HP: 4/74 [two-headed ogre/+0 giant club (13)]
 10423 | D:8      | Killed a two-headed ogre
 10424 | D:8      | Reached skill level 7 in Stealth
 10424 | D:8      | Reached skill level 6 in Invocations
 10898 | D:8      | Noticed an orange crystal statue
 10967 | D:9      | Reached **** piety under Cheibriados
 10971 | D:9      | Noticed Joseph
 11225 | D:9      | Found Duvaoz's Magic Scroll Shoppe.
 11486 | D:9      | Found Qusomi's Armour Shoppe.
 11541 | D:9      | You pick up a book of Transfigurations and begin reading...
 11541 | D:9      | You add the spells Irradiate, Statue Form, Hydra Form and
                  | Dragon Form to your library.
 11662 | D:9      | Killed Joseph
 11761 | D:9      | Reached XP level 11. HP: 81/81 MP: 16/22
 11866 | D:9      | Found Wiawnioq's Antique Armour Shop.
 11870 | D:9      | Bought a fine ring mail for 189 gold pieces
 11880 | D:9      | Identified the cursed +1 ring mail of Eradghokk {rN++} (You
                  | bought it in a shop on level 9 of the Dungeon)
 12029 | D:10     | Entered Level 10 of the Dungeon
 12104 | D:10     | Reached skill level 6 in Fighting
 12104 | D:10     | Reached skill level 6 in Short Blades
 12104 | D:10     | Reached skill level 6 in Long Blades
 12104 | D:10     | Reached skill level 6 in Axes
 12104 | D:10     | Reached skill level 6 in Maces & Flails
 12104 | D:10     | Reached skill level 6 in Polearms
 12104 | D:10     | Reached skill level 6 in Staves
 12104 | D:10     | Reached skill level 6 in Slings
 12104 | D:10     | Reached skill level 6 in Bows
 12104 | D:10     | Reached skill level 6 in Crossbows
 12104 | D:10     | Reached skill level 6 in Throwing
 12104 | D:10     | Reached skill level 6 in Armour
 12104 | D:10     | Reached skill level 6 in Shields
 12104 | D:10     | Reached skill level 6 in Unarmed Combat
 12104 | D:10     | Reached skill level 6 in Evocations
 12136 | D:10     | Reached skill level 5 in Conjurations
 12136 | D:10     | Reached skill level 5 in Hexes
 12136 | D:10     | Reached skill level 5 in Summonings
 12136 | D:10     | Reached skill level 5 in Necromancy
 12136 | D:10     | Reached skill level 5 in Translocations
 12136 | D:10     | Reached skill level 5 in Transmutations
 12136 | D:10     | Reached skill level 5 in Fire Magic
 12136 | D:10     | Reached skill level 5 in Air Magic
 12136 | D:10     | Reached skill level 5 in Earth Magic
 12136 | D:10     | Reached skill level 5 in Poison Magic
 12155 | D:10     | Noticed Josephine
 12167 | D:10     | Reached skill level 8 in Spellcasting
 12367 | D:10     | Noticed a brown ugly thing
 12380 | D:10     | Killed a brown ugly thing
 12395 | D:10     | Killed Josephine
 12706 | D:10     | Reached ***** piety under Cheibriados
 12707 | D:10     | Reached skill level 9 in Ice Magic
 12707 | D:10     | Reached skill level 7 in Invocations
 12790 | D:10     | Reached skill level 8 in Dodging
 13186 | D:11     | Noticed a two-headed ogre
 13226 | D:11     | Killed a two-headed ogre
 13371 | D:11     | Found a staircase to the Lair.
 13393 | D:11     | Noticed a centaur warrior
 13406 | D:11     | Killed a centaur warrior
 13407 | D:11     | Reached skill level 8 in Stealth
 13651 | D:9      | Bought a +0 buckler for 76 gold pieces
 13729 | Lair:1   | Entered Level 1 of the Lair of Beasts
 13744 | Lair:1   | Noticed a six-headed hydra
 13750 | Lair:1   | Killed a six-headed hydra
 13762 | Lair:1   | Reached XP level 12. HP: 89/89 MP: 17/24
 13892 | Lair:1   | Reached skill level 7 in Fighting
 13892 | Lair:1   | Reached skill level 7 in Short Blades
 13892 | Lair:1   | Reached skill level 7 in Long Blades
 13892 | Lair:1   | Reached skill level 7 in Axes
 13892 | Lair:1   | Reached skill level 7 in Maces & Flails
 13892 | Lair:1   | Reached skill level 7 in Polearms
 13892 | Lair:1   | Reached skill level 7 in Staves
 13892 | Lair:1   | Reached skill level 7 in Slings
 13892 | Lair:1   | Reached skill level 7 in Bows
 13892 | Lair:1   | Reached skill level 7 in Crossbows
 13892 | Lair:1   | Reached skill level 7 in Throwing
 13892 | Lair:1   | Reached skill level 7 in Armour
 13892 | Lair:1   | Reached skill level 7 in Shields
 13892 | Lair:1   | Reached skill level 7 in Unarmed Combat
 13892 | Lair:1   | Reached skill level 7 in Evocations
 14179 | Lair:1   | Found a transporter.
 14444 | Lair:1   | Noticed Erica
 14466 | Lair:1   | Killed Erica
 14467 | Lair:1   | Reached skill level 6 in Conjurations
 14467 | Lair:1   | Reached skill level 6 in Hexes
 14467 | Lair:1   | Reached skill level 6 in Summonings
 14467 | Lair:1   | Reached skill level 6 in Necromancy
 14467 | Lair:1   | Reached skill level 6 in Translocations
 14467 | Lair:1   | Reached skill level 6 in Transmutations
 14467 | Lair:1   | Reached skill level 6 in Fire Magic
 14467 | Lair:1   | Reached skill level 6 in Air Magic
 14467 | Lair:1   | Reached skill level 6 in Earth Magic
 14467 | Lair:1   | Reached skill level 6 in Poison Magic
 14543 | Lair:1   | Reached skill level 8 in Invocations
 14564 | Lair:1   | Found a transporter.
 14766 | Lair:1   | Reached skill level 9 in Spellcasting
 15332 | Lair:2   | Noticed an eight-headed hydra
 15342 | Lair:2   | Killed an eight-headed hydra
 15789 | Lair:2   | Found a hole to the Spider Nest.
 16160 | Lair:3   | Reached skill level 9 in Dodging
 16164 | Lair:3   | Noticed a six-headed hydra
 16177 | Lair:3   | Killed a six-headed hydra
 16252 | Lair:3   | Reached XP level 13. HP: 90/98 MP: 22/26
 16273 | Lair:3   | Reached skill level 9 in Stealth
 16432 | Lair:3   | Reached skill level 8 in Fighting
 16432 | Lair:3   | Reached skill level 8 in Short Blades
 16432 | Lair:3   | Reached skill level 8 in Long Blades
 16432 | Lair:3   | Reached skill level 8 in Axes
 16432 | Lair:3   | Reached skill level 8 in Maces & Flails
 16432 | Lair:3   | Reached skill level 8 in Polearms
 16432 | Lair:3   | Reached skill level 8 in Staves
 16432 | Lair:3   | Reached skill level 8 in Slings
 16432 | Lair:3   | Reached skill level 8 in Bows
 16432 | Lair:3   | Reached skill level 8 in Crossbows
 16432 | Lair:3   | Reached skill level 8 in Throwing
 16432 | Lair:3   | Reached skill level 8 in Armour
 16432 | Lair:3   | Reached skill level 8 in Shields
 16432 | Lair:3   | Reached skill level 8 in Unarmed Combat
 16432 | Lair:3   | Reached skill level 8 in Evocations
 16526 | Lair:3   | Reached ****** piety under Cheibriados
 16809 | Lair:3   | You pick up a book of Cantrips and begin reading...
 16809 | Lair:3   | You add the spells Corona, Animate Skeleton, Summon Small
                  | Mammal and Apportation to your library.
 17251 | Lair:3   | Found a staircase to the Shoals.
 17693 | Lair:4   | Reached skill level 9 in Invocations
 17944 | Lair:4   | Reached skill level 10 in Ice Magic
 18095 | Lair:4   | Got a faintly glowing platinum amulet
 18106 | Lair:4   | Identified the amulet of Elyvilon's Approval {Regen+ Int+3
                  | Dex+4} (You found it on level 4 of the Lair of Beasts)
 18401 | Lair:5   | Reached skill level 7 in Conjurations
 18401 | Lair:5   | Reached skill level 7 in Hexes
 18401 | Lair:5   | Reached skill level 7 in Summonings
 18401 | Lair:5   | Reached skill level 7 in Necromancy
 18401 | Lair:5   | Reached skill level 7 in Translocations
 18401 | Lair:5   | Reached skill level 7 in Transmutations
 18401 | Lair:5   | Reached skill level 7 in Fire Magic
 18401 | Lair:5   | Reached skill level 7 in Air Magic
 18401 | Lair:5   | Reached skill level 7 in Earth Magic
 18401 | Lair:5   | Reached skill level 7 in Poison Magic
 18571 | Lair:5   | You pick up a book of Air and begin reading...
 18571 | Lair:5   | You add the spells Shock, Swiftness, Static Discharge,
                  | Airstrike and Lightning Bolt to your library.
 18577 | Lair:5   | Learned a level 4 spell: Airstrike
 18583 | Lair:5   | Learned a level 5 spell: Irradiate
 18589 | Lair:5   | Learned a level 5 spell: Lightning Bolt
 18778 | Lair:5   | Reached skill level 10 in Spellcasting
 18906 | Lair:5   | Found a staircase to the Slime Pits.
 18916 | Lair:5   | Found a viscous altar of Jiyva.
 19630 | Lair:6   | Entered Level 6 of the Lair of Beasts
 19651 | Lair:5   | Reached XP level 14. HP: 48/106 MP: 16/28
 19895 | Lair:6   | Reached skill level 10 in Dodging
 20029 | Lair:6   | Reached skill level 9 in Fighting
 20029 | Lair:6   | Reached skill level 9 in Short Blades
 20029 | Lair:6   | Reached skill level 9 in Long Blades
 20029 | Lair:6   | Reached skill level 9 in Axes
 20029 | Lair:6   | Reached skill level 9 in Maces & Flails
 20029 | Lair:6   | Reached skill level 9 in Polearms
 20029 | Lair:6   | Reached skill level 9 in Staves
 20029 | Lair:6   | Reached skill level 9 in Slings
 20029 | Lair:6   | Reached skill level 9 in Bows
 20029 | Lair:6   | Reached skill level 9 in Crossbows
 20029 | Lair:6   | Reached skill level 9 in Throwing
 20029 | Lair:6   | Reached skill level 9 in Armour
 20029 | Lair:6   | Reached skill level 9 in Shields
 20029 | Lair:6   | Reached skill level 9 in Unarmed Combat
 20029 | Lair:6   | Reached skill level 9 in Evocations
 20104 | Lair:6   | Reached skill level 10 in Stealth
 20498 | Lair:6   | Reached skill level 10 in Invocations
 21265 | Lair:6   | You pick up a book of Power and begin reading...
 21265 | Lair:6   | You add the spells Iskenderun's Battlesphere, Bolt of
                  | Magma, Iron Shot, Orb of Destruction and Spellforged
                  | Servitor to your library.
 21293 | Lair:6   | Learned a level 6 spell: Iron Shot
 21572 | D:11     | Found a snail-covered altar of Cheibriados.
 21980 | D:11     | You pick up a book of Changes and begin reading...
 21980 | D:11     | You add the spells Beastly Appendage, Wereblood, Spider
                  | Form, Ice Form and Blade Hands to your library.
 22229 | D:12     | Reached skill level 8 in Conjurations
 22229 | D:12     | Reached skill level 8 in Hexes
 22229 | D:12     | Reached skill level 8 in Summonings
 22229 | D:12     | Reached skill level 8 in Necromancy
 22229 | D:12     | Reached skill level 8 in Translocations
 22229 | D:12     | Reached skill level 8 in Transmutations
 22229 | D:12     | Reached skill level 8 in Fire Magic
 22229 | D:12     | Reached skill level 8 in Air Magic
 22229 | D:12     | Reached skill level 8 in Earth Magic
 22229 | D:12     | Reached skill level 8 in Poison Magic
 22231 | D:12     | Found a staircase to the Orcish Mines.
 22467 | D:12     | Noticed Kirke
 22560 | D:12     | Noticed Gastronok
 22578 | D:12     | Killed Kirke
 22588 | D:12     | Killed Gastronok
 22589 | D:12     | Reached XP level 15. HP: 91/115 MP: 16/29
 22770 | D:12     | Found Qituonem's Book Boutique.
 22819 | D:12     | Noticed Urug
 22832 | D:12     | Killed Urug
 23180 | D:12     | Noticed Azrael
 23191 | D:12     | Killed Azrael
 23192 | D:12     | Reached skill level 11 in Spellcasting
 23431 | Orc:1    | Entered Level 1 of the Orcish Mines
 23974 | Orc:2    | Entered Level 2 of the Orcish Mines
 24056 | Orc:2    | Reached skill level 10 in Fighting
 24056 | Orc:2    | Reached skill level 10 in Short Blades
 24056 | Orc:2    | Reached skill level 10 in Long Blades
 24056 | Orc:2    | Reached skill level 10 in Axes
 24056 | Orc:2    | Reached skill level 10 in Maces & Flails
 24056 | Orc:2    | Reached skill level 10 in Polearms
 24056 | Orc:2    | Reached skill level 10 in Staves
 24056 | Orc:2    | Reached skill level 10 in Slings
 24056 | Orc:2    | Reached skill level 10 in Bows
 24056 | Orc:2    | Reached skill level 10 in Crossbows
 24056 | Orc:2    | Reached skill level 10 in Throwing
 24056 | Orc:2    | Reached skill level 10 in Armour
 24056 | Orc:2    | Reached skill level 10 in Shields
 24056 | Orc:2    | Reached skill level 10 in Unarmed Combat
 24056 | Orc:2    | Reached skill level 10 in Evocations
 24197 | Orc:2    | Reached skill level 11 in Dodging
 24373 | Orc:2    | Found a staircase to the Elven Halls.
 24599 | Orc:2    | Found Ynykoz's Weapon Shoppe.
 24882 | Orc:2    | Noticed Maurice
 24890 | Orc:2    | Killed Maurice
 24891 | Orc:2    | Reached skill level 11 in Ice Magic
 24956 | Orc:2    | Noticed Donald
 24963 | Orc:2    | Killed Donald
 25097 | Orc:2    | Reached skill level 11 in Invocations
 25403 | Orc:2    | Found Tulir's Antique Armour Boutique.
 25403 | Orc:2    | Found Qeygurph's Assorted Antiques.
 25420 | Orc:2    | Found Puyh's Magic Scroll Emporium.
 25420 | Orc:2    | Found Tarex's Antique Armour Boutique.
 25430 | Orc:2    | Bought a glowing helmet for 195 gold pieces
 25448 | Orc:2    | Bought a paperback book for 375 gold pieces
 25448 | Orc:2    | You add the spells Leda's Liquefaction and Shatter to your
                  | library.
 25448 | Orc:2    | Bought a glowing hand crossbow for 162 gold pieces
 25660 | D:13     | Reached skill level 11 in Stealth
 25857 | D:13     | Noticed Nessos
 25878 | D:13     | Killed Nessos
 26163 | D:13     | Found Zatiop's Armour Shop.
 27160 | D:14     | Got a heavily runed silver ring
 27162 | D:14     | Identified the ring "Qipo" {Fire Int+3} (You found it on
                  | level 14 of the Dungeon)
 27195 | D:14     | Reached XP level 16. HP: 123/123 MP: 31/31
 27397 | D:14     | Found a gate to the Vaults.
 27640 | D:14     | Reached skill level 9 in Conjurations
 27640 | D:14     | Reached skill level 9 in Hexes
 27640 | D:14     | Reached skill level 9 in Summonings
 27640 | D:14     | Reached skill level 9 in Necromancy
 27640 | D:14     | Reached skill level 9 in Translocations
 27640 | D:14     | Reached skill level 9 in Transmutations
 27640 | D:14     | Reached skill level 9 in Fire Magic
 27640 | D:14     | Reached skill level 9 in Air Magic
 27640 | D:14     | Reached skill level 9 in Earth Magic
 27640 | D:14     | Reached skill level 9 in Poison Magic
 27939 | D:15     | Entered Level 15 of the Dungeon
 27976 | D:15     | HP: 31/124 [freezing wraith[a death knight] (23)]
 28343 | D:15     | Got a crude golden ring
 28345 | D:15     | Identified the ring of Dami {+Inv +Fly rN++} (You found it
                  | on level 15 of the Dungeon)
 28349 | D:15     | Found Zuher's Jewellery Shop.
 28467 | D:15     | Found a staircase to the Depths.
 29478 | Lair:2   | Learned a level 1 spell: Apportation
 29617 | Spider:1 | Entered Level 1 of the Spider Nest
 29739 | Spider:1 | Found a frozen archway.
 29816 | IceCv    | Entered an ice cave
 29836 | IceCv    | Learned a level 5 spell: Bolt of Magma
 30061 | IceCv    | HP: 26/124 [something (26)]
 30066 | IceCv    | HP: 24/124 [something (1)]
 30658 | IceCv    | Reached skill level 11 in Fighting
 30658 | IceCv    | Reached skill level 11 in Short Blades
 30658 | IceCv    | Reached skill level 11 in Long Blades
 30658 | IceCv    | Reached skill level 11 in Axes
 30658 | IceCv    | Reached skill level 11 in Maces & Flails
 30658 | IceCv    | Reached skill level 11 in Polearms
 30658 | IceCv    | Reached skill level 11 in Staves
 30658 | IceCv    | Reached skill level 11 in Slings
 30658 | IceCv    | Reached skill level 11 in Bows
 30658 | IceCv    | Reached skill level 11 in Crossbows
 30658 | IceCv    | Reached skill level 11 in Throwing
 30658 | IceCv    | Reached skill level 11 in Armour
 30658 | IceCv    | Reached skill level 11 in Shields
 30658 | IceCv    | Reached skill level 11 in Unarmed Combat
 30658 | IceCv    | Reached skill level 11 in Evocations
 30818 | IceCv    | Found the +2 ratskin cloak {*Rats rPois rN+ Str-1 Int-1
                  | Dex+1}
 31442 | Spider:1 | Reached skill level 12 in Spellcasting
 31712 | Spider:1 | Reached skill level 12 in Invocations
 32062 | Spider:1 | Noticed Louise
 32094 | Spider:1 | Killed Louise
 32177 | Spider:1 | Reached skill level 12 in Dodging
 32276 | Spider:1 | Reached XP level 17. HP: 91/131 MP: 30/33
 32690 | Spider:2 | You pick up a book of Conjurations and begin reading...
 32690 | Spider:2 | You add the spells Magic Dart, Searing Ray, Dazzling Flash,
                  | Fulminant Prism and Iskenderun's Mystic Blast to your
                  | library.
 32696 | Spider:2 | Learned a level 4 spell: Iskenderun's Mystic Blast
 32716 | Spider:2 | Learned a level 2 spell: Searing Ray
 32753 | Spider:2 | Noticed Nikola
 32754 | Spider:2 | HP: 32/131 [boulder beetle (16)]
 32759 | Spider:2 | Reached skill level 12 in Stealth
 32759 | Spider:2 | Killed from afar by Nikola

Vanquished Creatures
  Gastronok (D:12)
  Kirke (D:12)
  Donald (Orc:2)
  A frost giant (D:15)
  Louise (Spider:1)
  Nessos (D:13)
  Azrael (D:12)
  An ettin (Orc:1)
  2 blizzard demons (IceCv)
  Josephine (D:10)
  A catoblepas (Lair:6)
  3 vault guards (D:14)
  8 hydras
  3 boulder beetles
  7 centaur warriors
  A death knight (D:15)
  3 two-headed ogres
  Erica (Lair:1)
  9 death yaks
  A deep troll shaman (Lair:6)
  Urug (D:12)
  3 orc high priests (Orc:2)
  8 skeletal warriors (D:13)
  A fire crab (Lair:1)
  A wizard (D:15)
  4 orc knights (Orc:2)
  2 unseen horrors
  2 phantasmal warriors (D:15)
  8 wolf spiders
  5 orc sorcerers
  12 ugly things
  2 cyclopes
  2 deep elf magi
  14 orb spiders
  The ghost of Eryximachus the Digger, a novice OpEE (D:6)
  2 manticores (D:14)
  Joseph (D:9)
  Maurice (Orc:2)
  14 elephants (Lair:6)
  2 centaur zombies
  2 torpor snails
  An ice statue (Spider:1)
  14 cane toads
  A gargoyle (D:12)
  4 black mambas
  5 freezing wraiths
  A yaktaur (D:15)
  9 rime drakes
  A kobold demonologist (D:13)
  8 komodo dragons
  An efreet (D:14)
  3 anaconda simulacra (IceCv)
  6 ice devils (IceCv)
  5 demonic crawlers
  4 trolls
  A harpy zombie (D:14)
  6 jumping spiders
  3 hornets
  3 meliai (D:12)
  6 polar bears
  A tengu conjurer (D:14)
  13 blink frogs
  A wolf spider simulacrum (IceCv)
  11 slime creatures
  A shadow (D:11)
  8 wraiths
  15 redbacks
  9 tarantellas
  2 dire elephant simulacra (IceCv)
  2 water elementals (D:13)
  2 basilisks
  8 humans (D:14)
  43 yaks
  2 hogs
  4 wyverns
  5 fire elementals
  2 fire bats (Lair:1)
  9 steam dragons (Lair:3)
  7 vampire mosquitoes
  6 wargs
  2 iron troll simulacra (IceCv)
  3 harpy simulacra (IceCv)
  An acid dragon (D:14)
  20 water moccasins
  3 hell hounds (D:12)
  5 hydra simulacra (IceCv)
  3 black bears
  26 orc warriors
  6 ice beasts
  A black bear (shapeshifter) (D:13)
  An eye of draining (D:12)
  5 sky beasts
  A necrophage (D:14)
  10 ogres
  2 phantoms (D:7)
  19 wolves
  An alligator simulacrum (IceCv)
  4 boggarts (Lair:5)
  17 centaurs
  6 big kobolds
  19 bullfrogs
  Blork the orc (D:4)
  A gnoll sergeant (D:11)
  2 water moccasin zombies
  2 wyvern skeletons
  A water moccasin skeleton (D:10)
  10 scorpions
  4 electric eels
  8 wights
  6 howler monkeys
  2 bullfrog zombies
  5 hounds
  3 quasits (D:6)
  3 draconian simulacra (IceCv)
  4 centaur skeletons
  8 jellies
  17 orc priests
  3 bullfrog skeletons
  4 iguanas
  32 orc wizards
  2 spriggan simulacra (IceCv)
  5 troll simulacra (IceCv)
  8 worker ants
  2 polar bear simulacra (IceCv)
  A centaur simulacrum (IceCv)
  3 hound skeletons
  Robin (D:2)
  A worker ant zombie (D:7)
  11 gnolls
  A howler monkey skeleton (D:9)
  9 adders
  3 shadow imps
  8 white imps
  5 ufetubi
  2 oozes
  3 adder zombies
  4 worms
  5 dart slugs
  4 leopard geckos
  88 orcs
  6 bats
  8 giant cockroaches
  14 goblins
  10 hobgoblins
  18 jackals
  4 quokkas
  2 ball pythons
  5 frilled lizards
  22 kobolds
  2 quokka zombies
  7 rats
904 creatures vanquished.

Vanquished Creatures (collateral kills)
  A wolf spider (Spider:1)
1 creature vanquished.

Vanquished Creatures (others)
  A ghost moth (Spider:2)
  A redback (Spider:2)
  2 humans
  A wight (D:12)
  An ufetubus (IceCv)
  32 fungi
  74 plants
112 creatures vanquished.

Grand Total: 1017 creatures vanquished

Table legend:
 A = Non-vault XP
 B = Vault XP
 C = Vault XP percentage of total XP
 D = Non-vault monster count
 E = Vault monster count
 F = Vault count percentage of total count
                 A         B        C        D         E       F
            +---------+---------+-------+---------+---------+-------
      Total |  126706 |   65352 |  34.0 |     703 |     203 |  22.4
            +---------+---------+-------+---------+---------+-------
        D:1 |      35 |       0 |   0.0 |      18 |       0 |   0.0
        D:2 |      68 |      36 |  34.6 |      19 |      12 |  38.7
        D:3 |     141 |       0 |   0.0 |      29 |       0 |   0.0
        D:4 |     623 |      94 |  13.1 |      28 |       1 |   3.4
        D:5 |     604 |       0 |   0.0 |      32 |       0 |   0.0
        D:6 |     910 |     636 |  41.1 |      27 |       4 |  12.9
        D:7 |    1375 |       0 |   0.0 |      24 |       0 |   0.0
        D:8 |    3350 |       0 |   0.0 |      41 |       0 |   0.0
        D:9 |    1587 |     486 |  23.4 |      15 |       1 |   6.2
       D:10 |    2564 |    2090 |  44.9 |      20 |       6 |  23.1
       D:11 |    4243 |     210 |   4.7 |      44 |       1 |   2.2
       D:12 |    7274 |    8357 |  53.5 |      33 |      16 |  32.7
       D:13 |   14157 |    1315 |   8.5 |      55 |       1 |   1.8
       D:14 |    7905 |    4522 |  36.4 |      28 |      11 |  28.2
       D:15 |   12656 |    3171 |  20.0 |      31 |       3 |   8.8
     Lair:1 |    5506 |    3510 |  38.9 |      27 |       7 |  20.6
     Lair:2 |    1787 |     355 |  16.6 |       5 |       2 |  28.6
     Lair:3 |    4574 |    5816 |  56.0 |      18 |      22 |  55.0
     Lair:4 |    4729 |       0 |   0.0 |      20 |       0 |   0.0
     Lair:5 |   10786 |    1022 |   8.7 |      30 |       7 |  18.9
     Lair:6 |   13453 |    9217 |  40.7 |      39 |      18 |  31.6
   Spider:1 |   15681 |    2309 |  12.8 |      41 |       3 |   6.8
   Spider:2 |    6833 |    2915 |  29.9 |      15 |       5 |  25.0
      Orc:1 |    3983 |       0 |   0.0 |      33 |       0 |   0.0
      Orc:2 |    1882 |    9740 |  83.8 |      31 |      32 |  50.8
      IceCv |       0 |    9551 | 100.0 |       0 |      51 | 100.0
            +---------+---------+-------+---------+---------+-------

Illustrated notes

Table legend:
 A = Kills in this place as a percentage of kills in entire the game.
 B = Kills by you in this place as a percentage of kills by you in the entire game.
 C = Kills by friends in this place as a percentage of kills by friends in the entire game.
 D = Other kills in this place as a percentage of other kills in the entire game.
 E = Experience gained in this place as a percentage of experience gained in the entire game.
 F = Experience gained in this place divided by the number of levels of this place that you have seen.
                   A       B       C       D       E      F
               +-------+-------+-------+-------+-------+----------------------
         Total | 100.0 | 100.0 | 100.0 | 100.0 | 100.0 | 7113.3
       Dungeon |  55.2 |  55.3 |   0.0 |   0.0 |  40.8 | 5227.3
          Lair |  21.5 |  21.6 |   0.0 |   0.0 |  31.6 | 10125.8
   Spider Nest |   7.1 |   6.9 | 100.0 | 100.0 |  14.4 | 13869.0
  Orcish Mines |  10.6 |  10.6 |   0.0 |   0.0 |   8.1 | 7802.5
      Ice Cave |   5.6 |   5.6 |   0.0 |   0.0 |   5.0 | 9551.0
               +-------+-------+-------+-------+-------+----------------------

Table legend: (Time is in decaauts)
 A = Elapsed time spent in this place.
 B = Non-inter-level travel time spent in this place.
 C = Inter-level travel time spent in this place.
 D = Time resting spent in this place.
 E = Time spent auto-exploring this place.
 F = Levels seen in this place.
 G = Mean time per level.
                   A        B        C        D        E       F      G
               +--------+--------+--------+--------+--------+-----+--------+
         Total |  46218 |  42914 |   3304 |    264 |  35803 |  27 | 1711.8 |
       Dungeon |  25619 |  23870 |   1749 |    142 |  20158 |  15 | 1707.9 |
        Temple |    255 |    193 |     62 |      0 |    178 |   1 |  255.0 |
          Lair |  12591 |  11483 |   1108 |     45 |   9740 |   6 | 2098.5 |
   Spider Nest |   2388 |   2297 |     91 |     77 |   1711 |   2 | 1194.0 |
  Orcish Mines |   3188 |   2895 |    293 |      0 |   2402 |   2 | 1594.0 |
      Ice Cave |   2174 |   2174 |      0 |      0 |   1612 |   1 | 2174.0 |
               +--------+--------+--------+--------+--------+-----+--------+

Top non-repeatable levels by time:
     D:8: 3150 daAuts
  Lair:1: 2379 daAuts
  Lair:5: 2373 daAuts
  Lair:3: 2256 daAuts
Spider:1: 2227 daAuts
  Lair:6: 2206 daAuts
    D:13: 2190 daAuts
    D:15: 2189 daAuts
   IceCv: 2174 daAuts
   Orc:2: 2129 daAuts
    D:12: 2013 daAuts
     D:6: 2000 daAuts
    D:11: 1856 daAuts
    D:14: 1827 daAuts
  Lair:4: 1774 daAuts
